 Dungeon Crawl Stone Soup version 0.20-a0-792-g09bcfd3 (webtiles) character file.

322 sankara the Skirmisher (level 6, -3/51 HPs)
             Began as a Barachian Fighter on Feb 28, 2017.
             Killed by divine providence
             ... invoked by an orc priest
              (15 damage)
             ... on level 4 of the Dungeon.
             The game lasted 00:04:39 (2624 turns).

sankara the Skirmisher (Barachian Fighter)          Turns: 2624, Time: 00:04:40

Health: -3/51      AC:  9    Str: 17    XL:     6   Next: 47%
Magic:  6/6        EV:  5    Int:  9    God:
Gold:   132        SH: 10    Dex: 18    Spells: 5/5 levels left

rFire    . . .     SeeInvis .   a - +0 long sword
rCold    . . .     Gourm    .   u - +0 chain mail
rNeg     . . .     Faith    .   c - +0 shield
rPois    .         Spirit   .   (no helmet)
rElec    .         Reflect  .   (no cloak)
rCorr    .         Harm     .   (no gloves)
MR       .....                  (no boots)
Stlth    ..........             (no amulet)
Regen    0.2/turn               (no ring)
MPRegen  0.1/turn               o - +5 ring of dexterity

@: slow
A: +LOS, swims, slowness 1, strong legs 1
a: Hop


You were on level 4 of the Dungeon.
You were not hungry.

You visited 1 branch of the dungeon, and saw 4 of its levels.

You collected 132 gold pieces.

Inventory:

Hand Weapons
 a - a +0 long sword (weapon)
Armour
 c - a +0 shield (worn)
 u - a +0 chain mail (worn)
Jewellery
 o - a +5 ring of dexterity (left hand)
 w - an uncursed amulet of magic regeneration {unknown}
Wands
 r - a wand of polymorph (3/24)
Scrolls
 b - a scroll of enchant weapon {unknown}
 k - a scroll of amnesia {unknown}
 l - a scroll of enchant armour {unknown}
 m - a scroll of magic mapping {unknown}
 n - a scroll of fog {unknown}
 p - a scroll of teleportation {unknown}
 t - 4 scrolls of identify {unknown}
Potions
 d - a potion of might
 e - 3 potions of curing {unknown}
 g - a potion of brilliance {unknown}
 i - 3 potions of ambrosia {unknown}
 q - a potion of cancellation {unknown}
 s - a potion of agility {unknown}
Comestibles
 f - 2 bread rations
 h - a royal jelly
 j - 2 fruits
 v - a meat ration


   Skills:
 + Level 5.6 Fighting
 + Level 5.1 Long Blades
 - Level 3.6 Armour
 + Level 5.1 Shields


You had 5 spell levels left.
You didn't know any spells.

Dungeon Overview and Level Annotations

Branches:
Dungeon (4/15)
 Temple: D:4-7

Altars:
Gozag
Ru
Zin

Shops:
D:3 *


Innate Abilities, Weirdness & Mutations

Shadows flee at your approach. (+LOS)
You can swim through water.
You cover ground slowly.
You can hop short distances.


Message History

You are too injured to fight recklessly!
You are too injured to fight recklessly!
You are too injured to fight recklessly!
You are too injured to fight recklessly!
You slash the orc priest!
The orc priest is heavily wounded.
The orc priest invokes the aid of Beogh against you.
Beogh smites you!
* * * LOW HITPOINT WARNING * * *
You hit the orc priest but do no damage.
The orc priest is heavily wounded.
You block the orc priest's attack.
You hit the orc priest but do no damage.
The orc priest is heavily wounded.
You block the orc priest's attack.
You hit the orc priest.
The orc priest is severely wounded.
The orc priest invokes the aid of Beogh against you.
Beogh smites you!
You die...

##. ##.. #... #
#####.... .#
###......# .#
###........#..# ##
###............ .#
#...........# ##
###.........@o#
.####............#..#
..#...#..........# .#
#..#####.......### #
#### ###....## ######


You could see an orc priest.

Vanquished Creatures
  A phantom (D:4)
  3 orc wizards
  A centaur skeleton (D:4)
  3 gnolls (D:3)
  2 adders
  2 dart slugs
  2 worms
  4 leopard geckos
  4 orcs
  A ball python (D:3)
  A giant cockroach (D:2)
  6 goblins
  9 hobgoblins
  4 jackals
  10 bats
  2 frilled lizards
  7 kobolds
  9 rats
71 creatures vanquished.

Notes
Turn   | Place    | Note
-------+----------+-------------------------------------------
     0 | D:1      | sankara the Barachian Fighter began the quest for the Orb.
     0 | D:1      | Reached XP level 1. HP: 18/18 MP: 1/1
   155 | D:1      | Reached XP level 2. HP: 21/25 MP: 2/2
   774 | D:1      | Reached XP level 3. HP: 25/30 MP: 3/3
  1542 | D:2      | Found a sacrificial altar of Ru.
  1604 | D:3      | Found an opulent altar of Gozag.
  1625 | D:3      | Reached XP level 4. HP: 30/37 MP: 4/4
  1887 | D:3      | Found Zin's Purification Station.
  2070 | D:3      | Found a glowing silver altar of Zin.
  2175 | D:3      | Reached XP level 5. HP: 38/43 MP: 5/5
  2388 | D:4      | Noticed a phantom
  2442 | D:4      | Killed a phantom
  2442 | D:4      | Reached skill level 5 in Fighting
  2442 | D:4      | Reached XP level 6. HP: 33/51 MP: 6/6
  2595 | D:4      | Reached skill level 5 in Long Blades
  2612 | D:4      | Reached skill level 5 in Shields
  2624 | D:4      | Killed from afar by an orc priest

Vault maps used:
D:1:      erik_arrival_cave_to_civilisation
D:2:      lemuel_doored_altar
D:3:      old_standard_altar, zin_purify, minivault_19, columned_hall_lemuel
D:4:      overflow_temple_1_default, grunt_gozag_statues

Skill      XL: |  1  2  3  4  5  6 |
---------------+-------------------+-----
Long Blades    | 3 4 5 |  5.1
Fighting       | 4 5 |  5.6
Shields        | 4 5 |  5.1
Armour         | |  3.6

Action                   |  1- 3 |  4- 6 || total
-------------------------+-------+-------++-------
Melee: Long sword        |   163 |   110 ||   273
  Eat: Chunk             |     3 |     4 ||     7
Armor: Scale mail        |    71 |       ||    71
       Chain mail        |     5 |    43 ||    48
Dodge: Dodged            |    60 |    11 ||    71
Block: Shield            |    99 |    50 ||   149
       Rpst.: Long sword |    24 |     3 ||    27
